 Dungeon Crawl Stone Soup version 0.26-a0-752-gcff87cac9a (webtiles) character file.

Game seed: 98506664056356222

2620 Descartes the Frost Mage (level 9, -4/57 HPs)
             Began as a Barachi Ice Elementalist on Nov 6, 2020.
             Was a Believer of Cheibriados.
             Slain by Menkaure (17 damage)
             ... on level 7 of the Dungeon.
             The game lasted 00:23:46 (8783 turns).

Descartes the Frost Mage (Barachi Ice Elementalist) Turns: 8783, Time: 00:23:47

Health: -4/57      AC: 13    Str: 17      XL:     9   Next: 60%
Magic:  21/21      EV: 10    Int: 18 (19) God:    Cheibriados [**....]
Gold:   484        SH:  0    Dex: 16 (17) Spells: 18/25 levels left

rFire    + . .     SeeInvis .   F - +0 whip (flame)
rCold    . . .     Faith    .   (no shield)
rNeg     + . .     Spirit   .   J - +4 scale mail
rPois    .         Reflect  .   (no helmet)
rElec    .         Harm     .   B - +0 cloak
rCorr    .         Rampage  .   (no gloves)
MR       .....                  E - +0 pair of boots
Stlth    +.........             c - amulet of the acrobat
HPRegen  0.19/turn              d - ring of protection from fire
MPRegen  0.17/turn              L - ring of positive energy (curse)

@: very slow
A: +LOS, swims, slowness 1, strong legs 1
a: Hop, Bend Time, Renounce Religion


You were on level 7 of the Dungeon.
You worshipped Cheibriados.
Cheibriados was pleased with you.
You visited 2 branches of the dungeon, and saw 8 of its levels.
You also visited: Sewer.

You collected 484 gold pieces.

Inventory:

Hand Weapons
 a - a +0 short sword
 b - a +2 vorpal hunting sling
 h - a +0 whip
 y - a +1 short sword of distortion
 D - a +1 trident of venom
 F - a +0 whip of flaming (weapon)
Missiles
 e - 182 stones
 k - 136 arrows
 m - 83 sling bullets
 r - 2 atropa-tipped darts (quivered)
 s - 6 javelins
 u - 7 poisoned darts
 z - 2 curare-tipped darts
 G - 20 bolts
 M - 7 boomerangs
Armour
 p - a +1 leather armour
 B - a +0 cloak (worn)
 E - a +0 pair of boots (worn)
 J - a +4 scale mail (worn)
Jewellery
 c - an amulet of the acrobat (around neck)
 d - a ring of protection from fire (left hand)
 L - a cursed ring of positive energy (right hand)
Wands
 j - a wand of paralysis (4)
 C - a wand of digging (11)
 O - a wand of flame (13)
 Q - a wand of disintegration (10)
 R - a wand of acid (6)
Scrolls
 g - 5 scrolls of teleportation
 i - 6 scrolls of remove curse
 l - 3 scrolls of enchant armour
 n - 2 scrolls of random uselessness {unknown}
 o - 7 scrolls of identify
 t - a scroll of magic mapping {unknown}
 v - 3 scrolls of fear
 A - 2 scrolls of fog
 H - a scroll of immolation {unknown}
 P - a scroll of enchant weapon {unknown}
Potions
 f - a potion of lignification
 q - 2 potions of flight
 w - a potion of heal wounds
 x - 2 potions of might
 I - a potion of magic {unknown}
 K - a potion of brilliance
 N - a potion of berserk rage {unknown}


   Skills:
 - Level 5.0 Armour
 - Level 2.1 Dodging
 - Level 1.7 Stealth
 + Level 8.7 Spellcasting
 + Level 1.9 Hexes
 + Level 11.0 Ice Magic


You had 18 spell levels left.
You knew the following spells:

 Your Spells              Type           Power        Failure   Level
a - Freeze                Ice            ####         1%          1
b - Frozen Ramparts       Ice            #####.       1%          3
c - Tukima's Dance        Hex            ##......     36%         3

Your spell library contained the following spells:

 Spells                   Type           Power        Failure   Level
 Ozocubu's Armour         Ice            #####...     1%          3
 Ensorcelled Hibernation  Hex/Ice        ####..       3%          2
 Corona                   Hex            ##.....      13%         1
 Beastly Appendage        Tmut           #.....       28%         1
 Hailstorm                Conj/Ice       ####....     28%         4
 Ice Form                 Ice/Tmut       ####....     28%         4
 Summon Ice Beast         Ice/Summ       ####....     28%         4
 Confusing Touch          Hex            ##......     36%         3
 Wereblood                Tmut           #.......     38%         2
 Dazzling Flash           Conj/Hex       ##....       50%         3
 Spider Form              Tmut/Pois      #.........   63%         3
 Blade Hands              Tmut           #.........   100%        5


Dungeon Overview and Level Annotations

Branches:
Dungeon (7/15)             Temple (1/1) D:4           Sewer (visited)

Altars:
Ashenzari
Cheibriados
Dithmenos
Elyvilon
Fedhas
Kikubaaqudgha
Makhleb
Nemelex Xobeh
Okawaru
Qazlal
Ru
Sif Muna
Trog
Uskayaw
Yredelemnul

Annotations:
D:7 Menkaure


Innate Abilities, Weirdness & Mutations

You can be seen from farther away. (+LOS)
You can swim through water.
You cover ground slowly.
You can hop short distances.


Message History

Menkaure seems to speed up.
You hit Menkaure. You burn Menkaure.
Menkaure is moderately damaged.
Menkaure calls on the powers of darkness!
Your body is wracked with pain!
You barely miss Menkaure.
Menkaure is moderately damaged.
Menkaure calls on the powers of darkness!
Your body is wracked with pain!
Menkaure whispers, "It doesn't hurt if you pull your brain out of your nose yourself."
Menkaure barely misses you.
You barely miss Menkaure.
Menkaure is moderately damaged.
Menkaure calls on the powers of darkness!
Your body is wracked with pain!
* * * LOW HITPOINT WARNING * * *
You hit Menkaure. You burn Menkaure.
Menkaure is severely damaged.
Menkaure hits you!
You die...

..........# #.........#..........
...)#....# #...........##..##.
...!###..# ##......#...........
.....#.... #......#####....##..
......>....####....#### ##..###..
..<...................####..# #..
.................................
...................)./...#..... .
..........>..^..@........#....##
......#...###...M?.......###...
.....###..........!.......# ...<
....... #.......#...........
................##..........
..$........##... ##..#......
..(.... ## ..#. ..#..... ...)..
##.#. ... ... ..... ###. (..


You could see Menkaure (fast).

Vanquished Creatures
  Pikel (D:4)
  Duvessa (D:4)
  2 sky beasts (D:6)
  An orc warrior (D:6)
  3 ogres
  3 centaurs
  3 big kobolds (Sewer)
  2 bullfrogs (D:7)
  A scorpion (D:4)
  Dowan (D:4)
  A water moccasin skeleton (D:7)
  4 hounds
  Crazy Yiuf (D:6)
  A bullfrog zombie (D:5)
  2 orc wizards
  4 orc priests
  An iguana (D:4)
  A worker ant (D:4)
  11 adders
  4 gnolls
  2 river rats (Sewer)
  A shadow imp (D:5)
  2 white imps
  An ufetubus (D:7)
  3 oozes (Sewer)
  2 adder skeletons (D:5)
  5 worms
  The ghost of paps the Covert, a weakling GnDe (D:5)
  3 dart slugs
  3 leopard geckos
  23 orcs
  9 bats
  6 giant cockroaches
  5 goblins
  9 hobgoblins
  7 jackals
  19 kobolds
  4 quokkas
  5 ball pythons
  7 frilled lizards
  A leopard gecko zombie (D:5)
  15 rats
181 creatures vanquished.

Notes
Turn   | Place    | Note
-------+----------+-------------------------------------------
     0 | D:1      | Descartes the Barachi Ice Elementalist began the quest for
                  | the Orb.
     0 | D:1      | Reached XP level 1. HP: 13/13 MP: 3/3
   115 | D:1      | Reached skill level 1 in Armour
   115 | D:1      | Reached skill level 5 in Ice Magic
   115 | D:1      | Reached XP level 2. HP: 6/19 MP: 0/5
   831 | D:1      | Reached XP level 3. HP: 24/24 MP: 4/7
  1759 | D:2      | Reached XP level 4. HP: 30/30 MP: 3/8
  2645 | D:3      | Reached XP level 5. HP: 35/35 MP: 8/10
  2730 | D:3      | Found a glowing drain.
  2749 | Sewer    | Entered a sewer
  3019 | Sewer    | Learned a level 3 spell: Frozen Ramparts
  3126 | Sewer    | Reached skill level 6 in Ice Magic
  3380 | Sewer    | Noticed a big kobold
  3396 | Sewer    | Killed a big kobold
  3396 | Sewer    | Reached XP level 6. HP: 21/41 MP: 1/11
  4841 | D:3      | Reached XP level 7. HP: 46/46 MP: 9/13
  5045 | D:3      | Reached skill level 7 in Ice Magic
  5305 | D:4      | Reached skill level 5 in Armour
  5437 | D:4      | Noticed Pikel
  5450 | D:4      | Killed Pikel
  5450 | D:4      | Reached skill level 8 in Ice Magic
  5450 | D:4      | Reached XP level 8. HP: 44/52 MP: 13/17
  5518 | D:4      | Found a staircase to the Ecumenical Temple.
  5530 | Temple   | Entered the Ecumenical Temple
  5625 | Temple   | Became a worshipper of Cheibriados the Contemplative
  5870 | D:4      | Noticed Dowan
  5878 | D:4      | Killed Dowan
  5925 | D:4      | Noticed Duvessa
  5932 | D:4      | Killed Duvessa
  5932 | D:4      | Reached skill level 9 in Ice Magic
  6233 | D:5      | Entered Level 5 of the Dungeon
  6851 | D:5      | Reached * piety under Cheibriados
  6878 | D:5      | Found an iron altar of Okawaru.
  7170 | D:5      | Found a basalt altar of Yredelemnul.
  7204 | D:5      | Found a runed translucent gate.
  7205 | D:5      | Found a runed translucent gate.
  7205 | D:5      | Noticed paps's ghost (weakling GnDe)
  7206 | D:5      | Found a runed translucent gate.
  7404 | D:5      | Killed paps's ghost
  7492 | D:6      | Found a shadowy altar of Dithmenos.
  7574 | D:6      | Reached skill level 10 in Ice Magic
  7574 | D:6      | Reached XP level 9. HP: 16/57 MP: 15/20
  7900 | D:6      | Reached ** piety under Cheibriados
  7901 | D:6      | Paralysed by an orc for 6 turns
  8175 | D:6      | Found a runed translucent door.
  8176 | D:6      | Noticed Crazy Yiuf
  8183 | D:6      | Killed Crazy Yiuf
  8505 | D:7      | Learned a level 3 spell: Tukima's Dance
  8589 | D:7      | Reached skill level 1 in Hexes
  8628 | D:7      | Found an iron altar of Okawaru.
  8750 | D:7      | Reached skill level 11 in Ice Magic
  8772 | D:7      | Noticed Menkaure
  8783 | D:7      | Slain by Menkaure

Illustrated notes

Levels and vault maps discovered:
D:1:      lemuel_arrival_funnel, layout_loops_ring
D:2:      layout_loops_cross
D:3:      layout_loops_corners, cheibrodos_sewer_entry_sluice
D:4:      layout_rooms, minmay_temple_entry_overgrown, uniq_pikel, uniq_duvessa
D:5:      layout_loops_corners, kennysheep_mini_moat, gammafunk_ghost_split,
          okawaru_gym_becter
D:6:      layout_rooms, lemuel_crystal_altar, minmay_misc_feat_enclosed,
          uniq_crazy_yiuf_cottage
D:7:      layout_cave_pools, gammafunk_temple_overflow_wave, basic_altar,
          uniq_menkaure
Temple:   oiseaux_autumnal_temple

Skill      XL: |  1  2  3  4  5  6  7  8  9 |
---------------+----------------------------+-----
Armour         | 1 2 3 4 5 |  5.0
Ice Magic      | 5 6 8 10 11 | 11.0
Spellcasting   | 3 4 6 7 8 |  8.7
Hexes          | 1 |  1.9
Dodging        | |  2.1
Stealth        | |  1.7

Action                   |  1- 3 |  4- 6 |  7- 9 || total
-------------------------+-------+-------+-------++-------
Melee: Whip              |    33 |       |     7 ||    40
       Short sword       |    17 |    25 |       ||    42
       Trident           |       |       |   146 ||   146
 Fire: Hunting sling     |       |    11 |       ||    11
 Cast: Freeze            |    49 |    65 |    12 ||   126
       Frozen Ramparts   |       |    25 |    47 ||    72
  Use: Scroll            |       |     7 |       ||     7
       Potion            |       |       |     6 ||     6
 Stab: Sleeping          |       |     4 |     2 ||     6
Armor: Robe              |    24 |       |       ||    24
       Leather armour    |     1 |    17 |     6 ||    24
       Scale mail        |       |       |    66 ||    66
Dodge: Dodged            |    49 |    51 |   118 ||   218

Table legend: (Time is in decaauts)
 A = Elapsed time spent in this place.
 B = Non-inter-level travel time spent in this place.
 C = Inter-level travel time spent in this place.
 D = Time resting spent in this place.
 E = Time spent auto-exploring this place.
 F = Levels seen in this place.
 G = Mean time per level.
                   A        B        C        D        E       F      G
               +--------+--------+--------+--------+--------+-----+--------+
         Total |  10307 |   9953 |    354 |      0 |   8157 |   9 | 1145.2 |
       Dungeon |   8464 |   8157 |    307 |      0 |   6639 |   7 | 1209.1 |
        Temple |    325 |    278 |     47 |      0 |    267 |   1 |  325.0 |
         Sewer |   1517 |   1517 |      0 |      0 |   1251 |   1 | 1517.0 |
               +--------+--------+--------+--------+--------+-----+--------+

Top non-repeatable levels by time:
     D:5: 1678 daAuts
     D:3: 1567 daAuts
   Sewer: 1517 daAuts
     D:1: 1408 daAuts
     D:2: 1250 daAuts
     D:6: 1166 daAuts
     D:4: 882 daAuts
     D:7: 511 daAuts
  Temple: 325 daAuts
